 Dungeon Crawl Stone Soup version 0.24.0-2-g5b39cebb1c (webtiles) character file.

Game seed: 3618127394371275525, levelgen mode: deterministic

42 Katsumi the Scratcher (level 3, 0/17 HPs)
             Began as a Felid Transmuter on Oct 29, 2019.
             Slain by a jackal (2 damage)
             ... on level 1 of the Dungeon.
             The game lasted 00:03:02 (1690 turns).

Katsumi the Scratcher (Felid Transmuter)            Turns: 1690, Time: 00:03:03

Health: 0/17       AC:  1    Str:  6    XL:     3   Next: 33%
Magic:  6/7        EV: 16    Int: 15    God:
Gold:   32         SH:  0    Dex: 16    Spells: 3/6 levels left
                                        Lives:  0   Deaths: 0

rFire    . . .     SeeInvis +     - Unarmed
rCold    . . .     Gourm    .   (shield unavailable)
rNeg     . . .     Faith    .   (armour unavailable)
rPois    .         Spirit   .   (helmet unavailable)
rElec    .         Reflect  .   (cloak unavailable)
rCorr    .         Harm     .   (gloves unavailable)
MR       .....                  (boots unavailable)
Stlth    ++........             (no amulet)
HPRegen  0.05/turn              (no ring)
MPRegen  0.10/turn              (no ring)

@: appendage (expiring), heavily drained, quick
A: very small, no armour, no weapons or thrown items, stealth, claws 1, fangs 3,
horns 2, see invisible, carnivore, speed 1, shaggy fur 1, slow metabolism 1,
sharp paws
a: End Transformation


You were on level 1 of the Dungeon.
You were full.
You had grown temporary horns.
You visited 1 branch of the dungeon, and saw 2 of its levels.

You collected 32 gold pieces.

Inventory:

Missiles
 a - 7 arrows
Scrolls
 b - 2 scrolls of teleportation
 e - a scroll of identify
Potions
 d - 2 potions of curing
 f - a potion of might
 g - 2 potions of agility
Comestibles
 c - 4 rations


   Skills:
 - Level 3.0(1.1) Fighting
 - Level 2.6(0.8) Dodging
 - Level 3.0(1.1) Unarmed Combat
 - Level 2.0(0.1) Spellcasting
 + Level 2.7(0.8) Transmutations


You had 3 spell levels left.
You knew the following spells:

 Your Spells              Type           Power        Failure   Level  Hunger
a - Beastly Appendage     Tmut           #.....       19%         1    ##.....
b - Sticks to Snakes      Tmut           #.......     28%         2    ###....

Your spell library contained the following spells:

 Spells                   Type           Power        Failure   Level  Hunger
 Spider Form              Tmut/Pois      #.........   56%         3    ####...
 Ice Form                 Ice/Tmut       #.......     92%         4    #####..
 Blade Hands              Tmut           #.........   99%         5    ######.


Dungeon Overview and Level Annotations

Branches:
Dungeon (2/15)

Altars:
Hepliaklqana


Innate Abilities, Weirdness & Mutations

You cannot wear armour.
You are incapable of wielding weapons or throwing items.
Your paws allow you to move quietly. (Stealth)
You have sharp claws.
You have razor-sharp teeth.
You have supernaturally acute eyesight. (SInv)
You are carnivorous and can eat meat at any time.
You cover ground quickly.
You are covered in fur. (AC +1)
You have a slow metabolism.
Your sharp claws are effective at attacking unaware monsters.
You have a pair of horns on your head.


Message History

The jackal bites you.
* * * LOW HITPOINT WARNING * * *
There is a stone staircase leading up here.
You climb upwards.
There is a stone staircase leading down here.
Unknown command.
Casting: Beastly Appendage (safe; 19% risk of failure)
Confirm with . or Enter, or press ? or * to list all spells.
You grow a pair of large bovine horns.
The jackal misses you. The jackal closely misses you.
Unknown command.
You scratch the jackal.
The jackal is lightly wounded.
Your transformation is almost over.
The jackal closely misses you.
Unknown command.
You closely miss the jackal. You bite the jackal, but do no damage.
The jackal is lightly wounded.
The jackal bites you.
You die...

##.....#.....#♣♣♣♣......
#####.##.####....######
####.#..........###### ##
######[.....#...##.........
.######........####.####..##'####
.....##.###..######.####..#≈..♣♣
......(.##..## ##.....^...#≈...♣♣
......####"#####)....####.#≈≈...♣
.....#####.#....@..#.# #.#≈≈...♣
.............#..h.##.# #.#≈≈≈...
.....#####.##..#####.####.#≈≈≈≈..
....[## #....## #........#≈PP≈..
......# #..### ##......#.#≈PP≈≈.
...♣.♣#♣#♣..# #.........#≈≈PP≈.
##.........### ##......##.#.≈≈P≈>
##♣#♣.♣.♣...###.......#..#P.≈P≈.
###...#.....[#.##.#.##..≈≈≈.


You could see a jackal.

Vanquished Creatures
  An adder (D:2)
  3 dart slugs (D:1)
  A leopard gecko (D:1)
  A ball python (D:1)
  3 giant cockroaches
  6 goblins
  A hobgoblin (D:2)
  3 kobolds
  5 frilled lizards (D:2)
  4 rats (D:1)
28 creatures vanquished.

Notes
Turn   | Place    | Note
-------+----------+-------------------------------------------
     0 | D:1      | Katsumi the Felid Transmuter began the quest for the Orb.
     0 | D:1      | Reached XP level 1. HP: 9/9 MP: 4/4
   223 | D:1      | Reached XP level 2. HP: 7/13 MP: 4/6
  1014 | D:2      | Learned a level 2 spell: Sticks to Snakes
  1036 | D:2      | Reached XP level 3. HP: 9/17 MP: 5/7
  1216 | D:2      | Found a hazy altar of Hepliaklqana.
  1690 | D:1      | Slain by a jackal

Levels and vault maps discovered:
D:1:      tarquinn_simple_flora_water_c, layout_rooms, serial_forest,
          infiniplex_forest_lined_2, infiniplex_forest_straight_1,
          infiniplex_forest_clump_medium, infiniplex_forest_end_2,
          infiniplex_forest_lined_2, infiniplex_forest_zigzag_1,
          infiniplex_forest_clump_tiny, infiniplex_forest_clump_double
D:2:      layout_loops_cross, overflow_temple_1_default, minmay_lizard_pond,
          uniq_jessica

Skill      XL: |  1  2 |
---------------+-------+-----
Fighting       | 2 3 |  3.0
Dodging        | |  2.6
Unarmed Combat | |  3.0
Spellcasting   | |  2.0
Transmutations | |  2.7

Action                   || total
-------------------------++-------
Melee: Unarmed           ||    86
       Bite              ||     9
       Headbutt          ||     9
 Cast: Beastly Appendage ||    24
       Sticks to Snakes  ||     5
  Use: Scroll            ||     5
 Stab: Sleeping          ||     2
  Eat: Chunk             ||     7
Armor: Skin              ||     3
Dodge: Dodged            ||    66
